Map: Cosmic Sapphire

Players

HIMARS

  • Race: Zerg Zerg
  • League: Diamond
  • Spawn Location: 11:00

dailith - Winner!

  • Race: Terran Terran
  • League: Platinum
  • Spawn Location: 5:00

VOD

Have the link to the VOD?

Description

Time

  • Played on: Jan. 13, 2023, 6:48 p.m.
  • Length: 8:23
Show
View Real Time Build Order
Export as new Build Order

HIMARS Zerg 

Build Orders: Hatch First 

Get SALT Encoding   

  12  0:02  Drone  
  13  0:12  Overlord  
  13  0:16  Drone  
  14  0:31  Drone x2  
  17  0:35  Drone  
  17  0:54  Hatchery  
  17  0:56  Drone  
  17  1:00  Drone  
  18  1:15  Spawning Pool  
  18  1:16  Extractor  
  18  1:18  Drone  
  17  1:21  Drone  
  18  1:28  Drone  
  19  1:39  Drone  
  20  2:13  Hatchery  
  19  2:16  Drone x3  
  19  2:17  Drone x2  
  19  2:19  Queen  
  19  2:22  Metabolic Boost  
  26  2:27  Overlord  
  26  2:34  Overlord  
  26  2:44  Zergling x4  
  26  2:50  Spore Crawler  
  26  3:02  Drone x4  
  26  3:04  Queen  
  32  3:12  Drone x2  
  35  3:14  Queen  
  37  3:24  Overlord x2  
  37  3:32  Drone  
  38  3:34  Drone, Evolution Chamber x2  
  38  3:38  Drone  
  38  3:39  Drone  
  38  3:51  Queen, Drone x3  
  43  3:56  Drone x2  
  45  4:04  Drone x3  
  45  4:09  Drone  
  49  4:10  Zerg Melee Weapons Level 1  
  49  4:11  Zerg Missile Weapons Level 1  
  49  4:13  Extractor  
  49  4:14  Drone  
  49  4:15  Extractor  
  48  4:17  Drone  
  48  4:20  Drone  
  50  4:25  Baneling Nest  
  50  4:26  Lair  
  50  4:28  Drone  
  50  4:30  Drone x2  
  52  4:35  Queen  
  52  4:37  Drone  
  52  4:38  Drone  
  56  4:41  Drone  
  57  4:46  Drone  
  57  4:48  Drone  
  59  4:54  Drone  
  59  4:56  Queen  
  59  4:58  Zergling x4  
  64  5:03  Zergling x2  
  65  5:09  Zergling x2  
  66  5:17  Baneling x6  
  66  5:25  Zergling x2  
  66  5:26  Overlord x4  
  63  5:44  Zergling x6  
  63  5:50  Zergling x2  
  63  5:51  Zergling x6  
  63  5:53  Queen x2, Zergling x2  
  73  5:58  Zergling x2  
  72  6:08  Drone x2  
  74  6:21  Drone x2  
  74  6:22  Zerg Ground Armor Level 1  
  74  6:25  Hatchery  
  75  6:29  Queen x2  
  75  6:30  Extractor  
  78  6:37  Drone x4  
  82  6:40  Hatchery  
  82  6:43  Centrifugal Hooks  
  81  6:51  Drone  
  82  6:55  Drone  
  82  6:56  Spore Crawler x2  
  82  6:57  Drone  
  82  6:58  Drone, Spore Crawler  
  82  7:07  Spore Crawler  
  81  7:09  Zergling x2  
  82  7:16  Zergling x2  
  82  7:17  Queen x2  
  82  7:20  Drone x2  
  89  7:28  Drone x2  
  91  7:35  Zergling x2  
  91  7:37  Overlord x2  
  92  7:38  Overlord  
  92  7:39  Infestation Pit  
  92  7:43  Baneling  
  91  7:53  Baneling x17  
  72  8:06  Zergling x22  
Show
View Real Time Build Order
Export as new Build Order

dailith Terran - Winner!

Build Orders: Reaper Expand 

Get SALT Encoding   

  12  0:00  SCV  
  13  0:12  SCV  
  14  0:17  Supply Depot  
  14  0:24  SCV  
  15  0:38  SCV  
  15  0:39  Barracks  
  16  0:44  Refinery  
  16  0:51  SCV  
  17  1:03  SCV  
  18  1:15  SCV  
  19  1:27  Reaper, Orbital Command  
  20  1:43  Command Center  
  21  1:54  SCV  
  21  1:58  Supply Depot  
  21  1:59  Barracks Reactor  
  21  2:09  SCV  
  21  2:21  SCV  
  22  2:26  Factory  
  22  2:30  Refinery  
  22  2:33  SCV  
  22  2:35  Marine x2  
  25  2:45  SCV  
  26  3:01  SCV, Orbital Command  
  27  3:06  Marine x2  
  28  3:13  SCV  
  28  3:16  Armory  
  29  3:20  Starport  
  29  3:25  SCV  
  30  3:28  Supply Depot  
  30  3:29  SCV  
  31  3:35  Barracks Tech Lab  
  31  3:37  Hellion x2  
  31  3:39  SCV  
  36  3:52  Supply Depot  
  36  3:53  Supply Depot  
  36  3:56  SCV  
  36  3:57  SCV  
  36  3:58  Hellion x2  
  36  4:00  Medivac  
  44  4:03  Marine  
  44  4:08  SCV  
  46  4:17  SCV  
  46  4:19  Hellion  
  46  4:20  Hellion  
  46  4:23  Marine  
  52  4:25  SCV  
  52  4:30  Barracks  
  53  4:31  Barracks  
  53  4:40  SCV x2  
  55  4:46  Supply Depot x2  
  55  4:51  Starport Reactor  
  55  4:52  SCV  
  56  4:56  Factory Tech Lab  
  56  5:06  SCV x2  
  58  5:08  Stimpack  
  58  5:41  Barracks Reactor  
  58  5:47  Siege Tank  
  55  5:55  Starport Reactor  
  55  6:01  Marine x4  
  55  6:02  Marine  
  56  6:09  SCV x2  
  49  6:15  Refinery  
  49  6:16  Refinery  
  49  6:17  Engineering Bay  
  49  6:19  Siege Tank  
  49  6:21  SCV x2, Barracks  
  54  6:25  Command Center  
  54  6:29  Marine x4  
  54  6:30  Marine  
  59  6:33  SCV x2  
  59  6:36  Medivac  
  59  6:37  Medivac  
  65  6:45  SCV x2  
  65  6:46  Marine, Supply Depot  
  65  6:47  Marine x4  
  67  6:48  Combat Shield, Supply Depot  
  67  6:49  Supply Depot x2  
  67  6:51  Siege Tank  
  75  6:57  SCV  
  76  7:02  SCV  
  76  7:04  Marine x2  
  76  7:05  Marine x3  
  82  7:08  Supply Depot  
  82  7:09  SCV  
  82  7:10  Medivac x2  
  82  7:11  Supply Depot  
  87  7:22  Marine x3  
  89  7:23  Marine  
  89  7:24  Siege Tank  
  89  7:25  SCV x2  
  97  7:31  Marine  
  97  7:34  Barracks Reactor  
  97  7:40  Orbital Command  
  97  7:49  Marine x5  
Tags
 
Add a new tag
Caveats
  • Supply blocks, unpowered buildings, or Contaminate may cause inaccurate times.
  • Supply counts are checked every 10 seconds.